 Dungeon Crawl Stone Soup version 0.28-a0-1356-g2ad6d04315 (webtiles) character file.

Game seed: 6757515874434529009

391 Teslajakalope the Shield-Bearer (level 6, -7/56 HPs)
             Began as a Minotaur Fighter on Dec 30, 2021.
             Was an Initiate of Trog.
             Succumbed to an orc wizard's poison
             ... on level 4 of the Dungeon.
             The game lasted 00:08:52 (3199 turns).

Teslajakalope the Shield-Bearer (Minotaur Fighter)  Turns: 3199, Time: 00:08:52

Health: -7/56      AC:  7    Str: 22    XL:     6   Next: 50%
Magic:  5/5        EV:  9    Int:  5    God:    Trog [......]
Gold:   113        SH:  5    Dex: 10    Spells: 5/5 levels left

rFire   . . .      SeeInvis .   a - +0 war axe
rCold   . . .      Faith    .   c - +0 buckler
rNeg    . . .      Spirit   .   b - +0 scale mail
rPois   .          Reflect  .   (helmet restricted)
rElec   .          Harm     .   (no cloak)
rCorr   .          Rampage  .   (no gloves)
Will    .....                   (no boots)
Stlth   ..........              (no amulet)
HPRegen 0.18/turn               (no ring)
MPRegen 0.09/turn               (no ring)

@: lethally poisoned (-7 -> -44)
A: horns 2, retaliatory headbutt
a: Renounce Religion


You were on level 4 of the Dungeon.
You worshipped Trog.
Trog was noncommittal.
You visited 2 branches of the dungeon, and saw 5 of its levels.

You collected 113 gold pieces.

Inventory:

Hand Weapons
 a - a +0 war axe (weapon)
Missiles
 g - 102 stones (quivered)
Armour
 b - a +0 scale mail (worn)
 c - a +0 buckler (worn)
Scrolls
 i - 2 scrolls of acquirement {unknown}
 j - 3 scrolls of amnesia {unknown}
 k - 2 scrolls of identify {unknown}
 l - a scroll of enchant armour {unknown}
 m - 2 scrolls of fear {unknown}
 n - a scroll of teleportation {unknown}
 q - a scroll of magic mapping {unknown}
Potions
 d - a potion of might
 e - 2 potions of flight {unknown}
 f - a potion of haste {unknown}
 h - a potion of attraction {unknown}
 o - a potion of heal wounds {unknown}
 p - 2 potions of brilliance {unknown}
 r - a potion of mutation {unknown}
 s - 2 potions of magic {unknown}


   Skills:
 + Level 5.4 Fighting
 + Level 4.7 Axes
 + Level 5.3 Armour
 + Level 5.4 Shields


You had 5 spell levels left.
You didn't know any spells.
Your spell library contained the following spells:

 Spells                   Type           Power      Damage    Failure   Level
 Dazzling Flash           Conj/Hex       0%         N/A       98%         3
 Agony                    Necr           0%         N/A       100%        5
 Silence                  Hex/Air        0%         N/A       100%        5


Dungeon Overview and Level Annotations

Branches:
Dungeon (4/15)             Temple (1/1) D:4

Altars:
Ashenzari
Cheibriados
Fedhas
Kikubaaqudgha
Ru
Sif Muna
Trog
Wu Jian
Xom
Yredelemnul
Zin
The Shining One

Shops:
D:2 *

Annotations:
D:4 Dowan, Duvessa


Innate Abilities, Weirdness & Mutations

You have a pair of horns on your head.
You reflexively headbutt those who attack you in melee.


Message History

You feel very sick.
The orc wizard points at you and mumbles some strange words.
You are confused.
You're too confused to move!
You feel sick.
The orc wizard hits you but does no damage.
You are more poisoned.
The scorpion closely misses you.
You miss the orc wizard. You miss the scorpion.
You feel very sick. The scorpion stings you.
You are more poisoned.
The scorpion poisons you!
The orc wizard hits you with a +1 dagger of venom.
You are more poisoned.
You hit the orc wizard.
The orc wizard is lightly wounded.
You barely miss the scorpion.
You feel extremely sick. The scorpion stings you.
The orc wizard hits you with a +1 dagger of venom.
You are more poisoned.
The scorpion stings you!
You are more poisoned.
The scorpion poisons you!
You hit the orc wizard but do no damage.
Your headbutt misses the orc wizard.
The orc wizard is lightly wounded.
You hit the scorpion.
* * * LOW HITPOINT WARNING * * *
You feel extremely sick.
The orc wizard hits you with a +1 dagger of venom.
* * * LOW HITPOINT WARNING * * *
You are more poisoned.
The scorpion stings you.
* * * LOW HITPOINT WARNING * * *
The orc wizard gestures at you while chanting.
The magic dart hits you.
* * * LOW HITPOINT WARNING * * *
You feel less confused.
You die...

.. .8..........###... ..
8................... ...
.................... #..
...................
#..#...#.............##
##....e.... #..........#
#..#../....##..........#
...?..e# .......@......#
$......# .......s<)....#
.##..#.# #..##...o.....#
#....###..........#...#
#..#...#...#...........#
....#.....#.......#....#
.#####.>.#####......#. #
. #.....#........##..###
#...#...#.......##.....


You could see a scorpion and an orc wizard.

Vanquished Creatures
  A water moccasin skeleton (D:4)
  2 orc priests (D:3)
  Jessica (D:2)
  Natasha (D:3)
  An orc wizard (D:3)
  4 gnolls (D:2)
  7 adders
  An adder skeleton (D:3)
  2 worms
  4 dart slugs
  6 orcs (D:3)
  7 ball pythons
  A bat (D:2)
  6 endoplasms
  2 giant cockroaches (D:2)
  10 goblins
  12 hobgoblins
  6 jackals
  5 kobolds
  2 quokkas
  5 frilled lizards
  4 rats
90 creatures vanquished.

Notes
Turn   | Place    | Note
-------+----------+-------------------------------------------
     0 | D:1      | Teslajakalope the Minotaur Fighter began the quest for the
                  | Orb.
     0 | D:1      | Reached XP level 1. HP: 19/19 MP: 0/0
    68 | D:1      | Reached XP level 2. HP: 23/27 MP: 1/1
   583 | D:1      | Reached XP level 3. HP: 33/33 MP: 2/2
  1001 | D:2      | Noticed Jessica
  1006 | D:2      | Killed Jessica
  1007 | D:2      | Reached XP level 4. HP: 40/40 MP: 3/3
  1079 | D:2      | Found Bixaid's General Store.
  1283 | D:2      | Reached XP level 5. HP: 47/47 MP: 4/4
  1515 | D:2      | Found a faded altar of an unknown god.
  1797 | D:3      | Reached skill level 5 in Shields
  1814 | D:3      | Reached skill level 5 in Fighting
  1936 | D:3      | Reached skill level 5 in Armour
  2246 | D:3      | Found a glowing golden altar of the Shining One.
  2496 | D:4      | Found a staircase to the Ecumenical Temple.
  2505 | Temple   | Entered the Ecumenical Temple
  2742 | Temple   | Became a worshipper of Trog the Wrathful
  2778 | D:4      | Noticed Dowan
  2778 | D:4      | Noticed Duvessa
  2860 | D:4      | Reached XP level 6. HP: 53/56 MP: 5/5
  2861 | D:4      | Noticed Natasha
  2875 | D:3      | Killed Natasha
  3198 | D:4      | HP: 1/56 [orc wizard/magic dart (6)]
  3199 | D:4      | Succumbed to an orc wizard's poison

Illustrated notes

Levels and vault maps discovered:
D:1:      dpeg_arrival_rhombus, layout_basic
D:2:      layout_rooms, serial_shops, shop,
          shapermc_ecumenical_altar_mp_vishouse, grunt_decor_arrowhead,
          amcnicky_mini_rare_corridor_liquid, uniq_jessica
D:3:      wander_river, layout_basic, mainiacjoe_overflow_alcove_1,
          minmay_goblin_outpost
D:4:      layout_layer_cave, mainiacjoe_overflow_24_doors,
          nicolae_uskayaw_dance_hall, nicolae_hepliaklqana_hippocampus,
          minmay_temple_entry_arrows, nicolae_shop_gadgets, uniq_natasha,
          uniq_sigmund, uniq_duvessa
Temple:   minmay_temple_curvy_loop

Skill      XL: |  1  2  3  4  5 |
---------------+----------------+-----
Fighting       | 4 5 |  5.4
Shields        | 4 5 |  5.4
Armour         | 4 5 |  5.3
Axes           | 3 4 |  4.7

Action                   |  1- 3 |  4- 6 || total
-------------------------+-------+-------++-------
Melee: War axe           |    58 |   108 ||   166
       Headbutt          |    13 |    17 ||    30
Throw: Stone             |       |    13 ||    13
Armor: Scale mail        |    24 |    57 ||    81
Dodge: Dodged            |    26 |    53 ||    79
Block: Buckler           |    10 |    19 ||    29

Table legend: (Time is in decaauts)
 A = Elapsed time spent in this place.
 B = Non-inter-level travel time spent in this place.
 C = Inter-level travel time spent in this place.
 D = Time resting spent in this place.
 E = Time spent auto-exploring this place.
 F = Levels seen in this place.
 G = Mean time per level.
                   A        B        C        D        E       F      G
               +--------+--------+--------+--------+--------+-----+--------+
         Total |   3277 |   3081 |    196 |    291 |   1966 |   5 |  655.4 |
       Dungeon |   3010 |   2883 |    127 |    291 |   1774 |   4 |  752.5 |
        Temple |    266 |    197 |     69 |      0 |    192 |   1 |  266.0 |
               +--------+--------+--------+--------+--------+-----+--------+

Top non-repeatable levels by time:
     D:3: 1232 daAuts
     D:1: 1005 daAuts
     D:2: 645 daAuts
  Temple: 266 daAuts
     D:4: 126 daAuts
